TOP OF THE 1ST |
Connecticut Tigers batting - Pitching for Spokane Indians : RHP Alexander Neustroev
|
Pitching: RHP Alexander Neustroev
|
|
Batting: RHB Jaden Warrior
|
0-0: Called Strike 0-1: Ball 1-1: SINGLE (Groundball, 34S, EV 70.0 MPH) (infield hit)
|
Batting: RHB Janne Vihko
|
0-0: Called Strike 0-1: Called Strike 0-2: Strikes out swinging
|
Batting: LHB Antonio Luis
|
0-0: Fly out, F7 (Flyball, 78S, EV 86.9 MPH)
|
Batting: RHB Zack DiCicco
|
0-0: Ball 1-0: Called Strike 1-1: Foul Ball, location: 2F 1-2: Foul Ball, location: 2F 1-2: Fly out, F7 (Line Drive, 7S, EV 91.2 MPH)
|
Top of the 1st over - 0 runs, 1 hit, 0 errors, 1 left on base; Connecticut 0 - Spokane 0 |
BOTTOM OF THE 1ST |
Spokane Indians batting - Pitching for Connecticut Tigers : RHP Luke Totzke
|
Pitching: RHP Luke Totzke
|
|
Batting: RHB Danny Odom
|
0-0: Called Strike 0-1: Ball 1-1: Ball 2-1: Ball 3-1: Swinging Strike 3-2: Ground out 6-3 (Groundball, 6, EV 80.6 MPH)
|
Batting: RHB Andres Mendiola
|
0-0: Called Strike 0-1: Reached on error, E5 (Groundball, 56D, EV 94.4 MPH)
|
Batting: LHB Nick Foutz
|
0-0: Called Strike 0-1: Ball 1-1: Ball 2-1: Called Strike 2-2: Ball 3-2: Base on Balls Andres Mendiola to second
|
Batting: LHB Helge Jivotovsky
|
0-0: Ball 1-0: Fielders Choice at 2nd, 1-6 (Groundball, 13, EV 73.8 MPH) Andres Mendiola to third
|
Batting: SHB Devin Hottenstein
|
0-0: Ground out 4-3 (Groundball, 34, EV 97.5 MPH)
|
Bottom of the 1st over - 0 runs, 0 hits, 1 error, 2 left on base; Connecticut 0 - Spokane 0 |
TOP OF THE 2ND |
Connecticut Tigers batting - Pitching for Spokane Indians : RHP Alexander Neustroev
|
Batting: RHB Tony Nunez
|
0-0: Ball 1-0: Called Strike 1-1: Ball 2-1: Foul Ball, location: 2F 2-2: Foul Ball, location: 2F 2-2: Ball 3-2: Foul Ball, location: 2F 3-2: Strikes out swinging
|
Batting: SHB Eisse Wijnja
|
0-0: Foul Ball, location: 2F 0-1: Ball 1-1: Fly out, F4 (Line Drive, 4M, EV 71.2 MPH)
|
Batting: SHB Ian Arlotta
|
0-0: Foul Ball, location: 2F 0-1: DOUBLE (Line Drive, 78D, EV 106.9 MPH)
|
Batting: LHB Zach Rose
|
0-0: Ball 1-0: Ground out 4-3 (Groundball, 4, EV 82.5 MPH)
|
Top of the 2nd over - 0 runs, 1 hit, 0 errors, 1 left on base; Connecticut 0 - Spokane 0 |
BOTTOM OF THE 2ND |
Spokane Indians batting - Pitching for Connecticut Tigers : RHP Luke Totzke
|
Batting: RHB Sergio Godinez
|
0-0: Foul Ball, location: 2F 0-1: Ball 1-1: Ball 2-1: Ball 3-1: Base on Balls
|
Batting: RHB Aaron Graham
|
0-0: Ball 1-0: Called Strike 1-1: Ground out 5-3 (Groundball, 5S, EV 74.4 MPH) Sergio Godinez to second
|
Batting: RHB Shoh Tanioka
|
0-0: Ball 1-0: Called Strike 1-1: Ball 2-1: Swinging Strike 2-2: Fly out, F5 (Popup, 25F, EV 93.1 MPH)
|
Batting: RHB Salvador Caldera
|
0-0: Foul Ball, location: 2F 0-1: Ball 1-1: Ball 2-1: Ball 3-1: Base on Balls
|
Batting: RHB Danny Odom
|
0-0: Ball 1-0: Foul Ball, location: 2F 1-1: Fly out, F8 (Flyball, 8RS, EV 79.4 MPH)
|
Bottom of the 2nd over - 0 runs, 0 hits, 0 errors, 2 left on base; Connecticut 0 - Spokane 0 |
TOP OF THE 3RD |
Connecticut Tigers batting - Pitching for Spokane Indians : RHP Alexander Neustroev
|
Batting: RHB Jonathan Ridgely
|
0-0: Called Strike 0-1: Foul Ball, location: 2F 0-2: Ball 1-2: Strikes out swinging
|
Batting: RHB Jaden Warrior
|
0-0: Called Strike 0-1: Ball 1-1: Foul Ball, location: 2F 1-2: Foul Ball, location: 2F 1-2: Ball 2-2: Strikes out swinging
|
Batting: RHB Janne Vihko
|
0-0: Ball 1-0: Swinging Strike 1-1: Called Strike 1-2: Ball 2-2: Strikes out swinging
|
Top of the 3rd over - 0 runs, 0 hits, 0 errors, 0 left on base; Connecticut 0 - Spokane 0 |
BOTTOM OF THE 3RD |
Spokane Indians batting - Pitching for Connecticut Tigers : RHP Luke Totzke
|
Batting: RHB Andres Mendiola
|
0-0: Foul Ball, location: 2F 0-1: Ball 1-1: Foul Ball, location: 2F 1-2: Foul Ball, location: 2F 1-2: Ball 2-2: Foul Ball, location: 2F 2-2: Ground out 4-3 (Groundball, 4, EV 89.4 MPH)
|
Batting: LHB Nick Foutz
|
0-0: Swinging Strike 0-1: Ball 1-1: Ball 2-1: Foul Ball, location: 2F 2-2: Foul Ball, location: 2F 2-2: Ball 3-2: Fly out, F8 (Flyball, 8LD, EV 93.1 MPH)
|
Batting: LHB Helge Jivotovsky
|
0-0: Called Strike 0-1: Ball 1-1: Swinging Strike 1-2: Foul Ball, location: 2F 1-2: Foul Ball, location: 2F 1-2: Foul Ball, location: 2F 1-2: Ball 2-2: Strikes out swinging
|
Bottom of the 3rd over - 0 runs, 0 hits, 0 errors, 0 left on base; Connecticut 0 - Spokane 0 |
TOP OF THE 4TH |
Connecticut Tigers batting - Pitching for Spokane Indians : RHP Alexander Neustroev
|
Batting: LHB Antonio Luis
|
0-0: Ball 1-0: Ball 2-0: Swinging Strike 2-1: SINGLE (Groundball, 3D, EV 104.4 MPH)
|
Batting: RHB Zack DiCicco
|
0-0: Called Strike 0-1: Ball 1-1: Fly out, F9 (Flyball, 9D, EV 97.5 MPH)
|
Batting: RHB Tony Nunez
|
0-0: Ball 1-0: Called Strike 1-1: Fly out, F6 (Popup, 6S, EV 61.9 MPH)
|
Batting: SHB Eisse Wijnja
|
0-0: Called Strike 0-1: Fly out, F8 (Line Drive, 8RM, EV 92.5 MPH)
|
Top of the 4th over - 0 runs, 1 hit, 0 errors, 1 left on base; Connecticut 0 - Spokane 0 |
BOTTOM OF THE 4TH |
Spokane Indians batting - Pitching for Connecticut Tigers : RHP Luke Totzke
|
Batting: SHB Devin Hottenstein
|
0-0: Ball 1-0: Called Strike 1-1: Called Strike 1-2: Foul Ball, location: 2F 1-2: Ball 2-2: Foul Ball, location: 2F 2-2: Strikes out swinging
|
Batting: RHB Sergio Godinez
|
0-0: Called Strike 0-1: Foul Ball, location: 2F 0-2: Ball 1-2: Fly out, F8 (Line Drive, 8RM, EV 98.8 MPH)
|
Batting: RHB Aaron Graham
|
0-0: Ball 1-0: Foul Ball, location: 2F 1-1: Swinging Strike 1-2: Ball 2-2: Foul Ball, location: 2F 2-2: Ball 3-2: Fly out, F8 (Flyball, 8LD, EV 78.8 MPH)
|
Bottom of the 4th over - 0 runs, 0 hits, 0 errors, 0 left on base; Connecticut 0 - Spokane 0 |
TOP OF THE 5TH |
Connecticut Tigers batting - Pitching for Spokane Indians : RHP Alexander Neustroev
|
Batting: SHB Ian Arlotta
|
0-0: Called Strike 0-1: Called Strike 0-2: Strikes out swinging
|
Batting: LHB Zach Rose
|
0-0: Ball 1-0: Foul Ball, location: 2F 1-1: Ball 2-1: Foul Ball, location: 2F 2-2: Ground out 5-3 (Groundball, 56, EV 85.0 MPH)
|
Batting: RHB Jonathan Ridgely
|
0-0: Called Strike 0-1: Swinging Strike 0-2: Foul Ball, location: 2F 0-2: Ball 1-2: Ball 2-2: Ball 3-2: Strikes out swinging
|
Top of the 5th over - 0 runs, 0 hits, 0 errors, 0 left on base; Connecticut 0 - Spokane 0 |
BOTTOM OF THE 5TH |
Spokane Indians batting - Pitching for Connecticut Tigers : RHP Luke Totzke
|
Batting: RHB Shoh Tanioka
|
0-0: Ball 1-0: Called Strike 1-1: Ball 2-1: Fly out, F9 (Flyball, 89M, EV 81.9 MPH)
|
Batting: RHB Salvador Caldera
|
0-0: Ball 1-0: Swinging Strike 1-1: Ball 2-1: Swinging Strike 2-2: Ball 3-2: Foul Ball, location: 2F 3-2: Strikes out swinging
|
Batting: RHB Danny Odom
|
0-0: Called Strike 0-1: Ball 1-1: Foul Ball, location: 2F 1-2: Fly out, F9 (Line Drive, 9S, EV 91.9 MPH)
|
Bottom of the 5th over - 0 runs, 0 hits, 0 errors, 0 left on base; Connecticut 0 - Spokane 0 |
TOP OF THE 6TH |
Connecticut Tigers batting - Pitching for Spokane Indians : RHP Alexander Neustroev
|
Batting: RHB Jaden Warrior
|
0-0: Foul Ball, location: 2F 0-1: Called Strike 0-2: Ball 1-2: Strikes out swinging
|
Batting: RHB Janne Vihko
|
0-0: Called Strike 0-1: SINGLE (Groundball, 56, EV 97.5 MPH)
|
Batting: LHB Antonio Luis
|
0-0: Ball 1-0: Foul Ball, location: 2F 1-1: Foul Ball, location: 2F 1-2: Ball 2-2: SINGLE (Line Drive, 56D, EV 108.8 MPH) Janne Vihko to second
|
Batting: RHB Zack DiCicco
|
0-0: Foul Ball, location: 2F 0-1: Fly out, F8 (Flyball, 8RD, EV 92.5 MPH)
|
Batting: RHB Tony Nunez
|
0-0: Called Strike 0-1: Swinging Strike 0-2: Ball 1-2: Ball 2-2: Strikes out looking
|
Top of the 6th over - 0 runs, 2 hits, 0 errors, 2 left on base; Connecticut 0 - Spokane 0 |
BOTTOM OF THE 6TH |
Spokane Indians batting - Pitching for Connecticut Tigers : RHP Luke Totzke
|
Batting: RHB Andres Mendiola
|
0-0: Foul Ball, location: 2F 0-1: Ball 1-1: Ball 2-1: Ground out 5-3 (Groundball, 56S, EV 66.2 MPH)
|
Pitching: RHP Sho Sekine
|
|
Batting: LHB Nick Foutz
|
0-0: Called Strike 0-1: Swinging Strike 0-2: Ball 1-2: Ball 2-2: Foul Ball, location: 2F 2-2: Ball 3-2: Base on Balls
|
Batting: LHB Helge Jivotovsky
|
0-0: Swinging Strike 0-1: Foul Ball, location: 2F 0-2: Strikes out swinging
|
Batting: SHB Devin Hottenstein
|
0-0: Ball Nick Foutz steals 2nd base 1-0: Ball 2-0: Ball 3-0: Called Strike 3-1: Foul Ball, location: 2F 3-2: Strikes out looking
|
Bottom of the 6th over - 0 runs, 0 hits, 0 errors, 1 left on base; Connecticut 0 - Spokane 0 |
TOP OF THE 7TH |
Connecticut Tigers batting - Pitching for Spokane Indians : RHP Alexander Neustroev
|
Batting: SHB Eisse Wijnja
|
0-0: Called Strike 0-1: Ground out 4-3 (Groundball, 4S, EV 86.9 MPH)
|
Batting: SHB Ian Arlotta
|
0-0: Ball 1-0: Ball 2-0: Called Strike 2-1: Ball 3-1: Base on Balls
|
Batting: LHB Zach Rose
|
0-0: Called Strike 0-1: SINGLE (Groundball, 4MD, EV 94.4 MPH) Ian Arlotta to second
|
Batting: RHB Jonathan Ridgely
|
0-0: Called Strike 0-1: DOUBLE (Line Drive, 9LS, EV 111.9 MPH) Ian Arlotta scores Zach Rose to third
|
Pitching: RHP Tyler Jack
|
|
Batting: RHB Jaden Warrior
|
0-0: Ball 1-0: Ball 2-0: Called Strike 2-1: Foul Ball, location: 2F 2-2: Fly out, F9 (Line Drive, 9S, EV 95.0 MPH)
|
Batting: RHB Janne Vihko
|
0-0: Ball 1-0: SINGLE (Groundball, 56D, EV 96.9 MPH) Zach Rose scores Jonathan Ridgely to third Runner from 3rd tries for Home, SAFE, throw by LF to home
|
Batting: LHB Antonio Luis
|
0-0: Ball Pickoff Throw to First - Out! 1-3
|
Top of the 7th over - 3 runs, 3 hits, 0 errors, 0 left on base; Connecticut 3 - Spokane 0 |
BOTTOM OF THE 7TH |
Spokane Indians batting - Pitching for Connecticut Tigers : RHP Sho Sekine
|
Now in LF: Kaleb Yerger
|
|
Now in RF: Antonio Luis
|
|
Batting: RHB Sergio Godinez
|
0-0: Called Strike 0-1: Fly out, F2 (Popup, 23F, EV 79.4 MPH)
|
Pinch Hitting: LHB Sean Gingrich
|
0-0: Fly out, F8 (Flyball, 8RD, EV 103.8 MPH)
|
Pinch Hitting: SHB Kaname Fujimoto
|
0-0: Called Strike 0-1: Foul Ball, location: 2F 0-2: Ground out 6-3 (Groundball, 4M, EV 104.4 MPH)
|
Bottom of the 7th over - 0 runs, 0 hits, 0 errors, 0 left on base; Connecticut 3 - Spokane 0 |
TOP OF THE 8TH |
Connecticut Tigers batting - Pitching for Spokane Indians : RHP Tyler Jack
|
Now at 2B: Darnell Jones
|
|
Now at 3B: Justin Aslinger
|
|
Batting: LHB Antonio Luis
|
0-0: Ball 1-0: Fly out, F8 (Flyball, 8LD, EV 102.5 MPH)
|
Batting: RHB Zack DiCicco
|
0-0: Called Strike 0-1: Ball 1-1: Ball 2-1: Swinging Strike 2-2: Ground out 5-3 (Groundball, 5, EV 85.0 MPH)
|
Batting: RHB Tony Nunez
|
0-0: Called Strike 0-1: Foul Ball, location: 2F 0-2: Strikes out swinging
|
Top of the 8th over - 0 runs, 0 hits, 0 errors, 0 left on base; Connecticut 3 - Spokane 0 |
BOTTOM OF THE 8TH |
Spokane Indians batting - Pitching for Connecticut Tigers : RHP Sho Sekine
|
Pitching: LHP Victor Villarreal
|
|
Batting: RHB Salvador Caldera
|
0-0: Hit by Pitch
|
Batting: RHB Danny Odom
|
0-0: Ball 1-0: Ball 2-0: Foul Ball, location: 2F 2-1: Foul Ball, location: 2F 2-2: Ball 3-2: SINGLE (Line Drive, 34D, EV 96.9 MPH) Salvador Caldera to second Salvador Caldera to third
|
Batting: RHB Andres Mendiola
|
0-0: Foul Ball, location: 2F 0-1: Swinging Strike 0-2: Ball 1-2: Ball 2-2: SINGLE (Groundball, 6MD, EV 96.9 MPH) Salvador Caldera scores Danny Odom to second Runner from 2nd tries for 3rd, SAFE, throw by CF made at trailing runner, OUT! 8-4
|
Pinch Hitting: RHB Dale Young
|
0-0: Ball 1-0: Ball 2-0: Ball Wild Pitch! Danny Odom scores 3-0: Called Strike 3-1: Foul Ball, location: 2F 3-2: Ground out 6-3 (Groundball, 6S, EV 63.1 MPH)
|
Batting: RHB Josh Whitmore
|
0-0: Ball 1-0: Foul Ball, location: 2F 1-1: Swinging Strike 1-2: Ball 2-2: Foul Ball, location: 2F 2-2: Ball 3-2: Ground out 6-3 (Groundball, 56D, EV 103.8 MPH)
|
Bottom of the 8th over - 2 runs, 2 hits, 0 errors, 0 left on base; Connecticut 3 - Spokane 2 |
TOP OF THE 9TH |
Connecticut Tigers batting - Pitching for Spokane Indians : RHP Tyler Jack
|
Now in LF: Dale Young
|
|
Batting: RHB Kaleb Yerger
|
0-0: Ball 1-0: Swinging Strike 1-1: Foul Ball, location: 2F 1-2: Strikes out swinging
|
Batting: SHB Ian Arlotta
|
0-0: Foul Ball, location: 2F 0-1: Ball 1-1: Foul Ball, location: 2F 1-2: Strikes out swinging
|
Batting: LHB Zach Rose
|
0-0: Ball 1-0: Swinging Strike 1-1: Swinging Strike 1-2: Ball 2-2: Strikes out looking
|
Top of the 9th over - 0 runs, 0 hits, 0 errors, 0 left on base; Connecticut 3 - Spokane 2 |
BOTTOM OF THE 9TH |
Spokane Indians batting - Pitching for Connecticut Tigers : LHP Victor Villarreal
|
Pitching: LHP Neil Palazzo
|
|
Batting: SHB Devin Hottenstein
|
0-0: Ground out 6-3 (Groundball, 6, EV 92.5 MPH)
|
Batting: RHB Sergio Godinez
|
0-0: Called Strike 0-1: Foul Ball, location: 2F 0-2: Foul Ball, location: 2F 0-2: Strikes out swinging
|
Batting: RHB Justin Aslinger
|
0-0: Ball 1-0: Ball 2-0: Called Strike 2-1: Swinging Strike 2-2: Strikes out swinging
|
Bottom of the 9th over - 0 runs, 0 hits, 0 errors, 0 left on base; Connecticut 3 - Spokane 2 |
|